 Dungeon Crawl Stone Soup version 0.17-a0-1910-g4c791fa (webtiles) character file.

49 Goblin1989 the Insei (level 3, -1/19 HPs)
             Began as a Vine Stalker Monk on Sept 26, 2015.
             Slain by a goblin
             ... wielding a cursed -2 dagger
             ... led by Robin
              (3 damage)
             ... on level 2 of the Dungeon.
             The game lasted 00:03:15 (1271 turns).

Goblin1989 the Insei (Vine Stalker Monk)            Turns: 1271, Time: 00:03:15

Health: -1/19      AC:  2    Str: 13    XL:     3   Next: 77%
Magic:  0/4        EV: 13    Int: 10    God:
Gold:   100        SH:  0    Dex: 17    Spells: 0 memorised, 2 levels left

rFire  . . .     SeeInvis .       - Unarmed
rCold  . . .     Clarity  .     a - +0 robe
rNeg   . . .     SustAt   .     (no shield)
rPois  .         Gourm    .     (no helmet)
rElec  .         Spirit   +     (no cloak)
rCorr  .         Warding  .     (no gloves)
rMut   .         Stasis   .     (no boots)
MR     .....                    (no amulet)
Stlth  +++.......               (no ring)
                                (no ring)

@: not resistant to hostile enchantments, fairly stealthy
A: fangs 2, regeneration 1, magic shield, antimagic bite, no device heal 3, rot
immunity
a: no special abilities


You were on level 2 of the Dungeon.
You were not hungry.

You visited 1 branch of the dungeon, and saw 2 of its levels.

You collected 100 gold pieces.

Inventory:

Missiles
 e - 10 poisoned needles
Armour
 a - a +0 robe (worn)
Scrolls
 d - 3 scrolls of fear {unknown}
 g - a scroll of blinking {unknown}
 h - 4 scrolls of identify {unknown}
 i - a scroll of enchant weapon {unknown}
Potions
 f - a potion of might {unknown}
 k - a potion of haste {unknown}
Comestibles
 b - 2 bread rations
 c - 2 meat rations


   Skills:
 - Level 2.6 Fighting
 - Level 2.4 Dodging
 + Level 3.4 Stealth
 * Level 5.0 Unarmed Combat


You had 2 spell levels left.
You didn't know any spells.

Dungeon Overview and Level Annotations

Branches:
Dungeon (2/15)

Altars:

Annotations:
D:2 Robin


Innate Abilities, Weirdness & Mutations

You have extremely sharp teeth.
Your natural rate of healing is unusually fast.
When hurt, damage is shared between your health and your magic reserves.
Your bite disrupts and absorbs the magic of your enemies.
Potions and wands cannot restore your health.
You are immune to rotting.


Message History

You hear a shout! x2
You punch the goblin!
You kill the goblin!
Robin throws the goblin at you! The goblin hits you but does no damage.
Unknown command.
You closely miss the goblin. Your bite misses the goblin.
The goblin hits you but does no damage.
You barely miss the goblin. Robin closely misses you.
The goblin hits you with a dagger.
You hit Robin but do no damage. You bite Robin. You drain her power.
Robin is lightly wounded.
Robin hits you with a falchion.
* * * LOW HITPOINT WARNING * * *
The goblin barely misses you.
You closely miss Robin. Your bite misses Robin.
Robin is lightly wounded.
Robin hits you with a falchion.
* * * LOW HITPOINT WARNING * * *
The goblin hits you with a dagger.
You die...

####..#.# ###...#.. #..)....#
#...#..†. #.#.....# #.#.#P♣.≈
#...g##.# #.#..♣≈≈≈ ##.#.##g#
#######.##...#. #########.#.##.#
#.......#...... ..........#g##.#
#.##...#..)....
....)......#...####.##....#.....#
########..###..g@g....###.##...##
##..#.########.# #.###.### #...##
#.# #........ #...# #.# #####.###
#...# #.# #.# #...# ##.## #.#
#...# ##...######.# #...#
#.(.......#<# #...# ##...####.#.#


You could see Robin and 2 goblins.

Vanquished Creatures
  2 adders (D:2)
  A worm (D:2)
  A giant gecko (D:1)
  4 bats
  8 goblins
  6 hobgoblins
  A kobold (D:2)
  A ball python (D:2)
  3 giant cockroaches (D:2)
  A giant newt (D:2)
  2 rats (D:1)
30 creatures vanquished.

Notes
Turn   | Place    | Note
--------------------------------------------------------------
     0 | D:1      | Goblin1989 the Vine Stalker Monk began the quest for the Orb.
     0 | D:1      | Reached XP level 1. HP: 11/11 MP: 2/2
    74 | D:1      | Reached XP level 2. HP: 14/16 MP: 3/3
   688 | D:2      | Reached XP level 3. HP: 9/19 MP: 2/4
  1241 | D:2      | Reached skill level 5 in Unarmed Combat
  1245 | D:2      | Noticed Robin
  1271 | D:2      | Slain by a goblin

Vault maps used:
D:1:      minmay_arrival_radiant_lines, minmay_misc_feat_tower
D:2:      first_bread, serial_bayou_pond_e, corexii_hall_statues_deadend,
          uniq_robin

Action                   || total
-------------------------++-------
Melee: Unarmed           ||    84
  Use: Potion            ||     1
 Stab: Sleeping          ||     1
  Eat: Chunk             ||     1
